 Dungeon Crawl Stone Soup version 0.29-a0-344-ge2f44be95a (webtiles) character file.

Game seed: 16049981858662722917

10425 Morbidden the Grappler (level 11, -2/153 HPs)
             Began as a Troll Brigand on Apr 21, 2022.
             Was a High Priest of Cheibriados.
             Slain by an 11-headed hydra (6 damage)
             ... on level 11 of the Dungeon.
             The game lasted 00:18:42 (10113 turns).

Morbidden the Grappler (Troll Brigand)             Turns: 10113, Time: 00:18:43

Health: -2/153     AC: 29    Str: 35    XL:     11   Next: 36%
Magic:  15/15      EV:  1    Int: 25    God:    Cheibriados [*****.]
Gold:   598        SH:  0    Dex: 25    Spells: 0/17 levels left

rFire   + . .      SeeInvis .     - Unarmed
rCold   + . .      Faith    .   (no shield)
rNeg    . . .      Spirit   .   (body armour currently unavailable)
rPois   +          Reflect  .   (helmet currently unavailable)
rElec   +          Harm     .   (cloak currently unavailable)
rCorr   +          Rampage  .   (gloves unavailable)
Will    .....      NoTele   +   (boots unavailable)
Stlth   +++.......              i - amulet of regeneration
HPRegen 1.95/turn               F - +4 ring of protection
MPRegen 0.14/turn               I - +4 ring of slaying

@: tree-form, resistant, very slow
A: stationary, stasis, torment immunity, boosted hp, large, unfitting armour,
(claws 3), regeneration 1, (shaggy fur 1), (tough skin 1)
a: Renounce Religion, Bend Time, Temporal Distortion, Slouch, Step From Time


You were on level 11 of the Dungeon.
You worshipped Cheibriados.
Cheibriados was extremely pleased with you.
You were a tree.
You visited 3 branches of the dungeon, and saw 13 of its levels.
You also visited: Sewer and Bailey.

You collected 598 gold pieces.

Inventory:

Missiles
 d - 34 poisoned darts
 e - 3 curare-tipped darts
 g - 4 atropa-tipped darts
 h - a throwing net
 t - 10 boomerangs (quivered)
Armour
 c - a +1 cloak (melded)
 p - a +2 robe of willpower (melded)
Jewellery
 b - the ring "Zipnemp" {rPois rC- EV+4 SInv Stlth+}
   (You acquired it on level 7 of the Dungeon)

   [ring of evasion]

   EV:        It affects your evasion (+4).
   rC:        It makes you vulnerable to cold.
   rPois:     It protects you from poison.
   SInv:      It lets you see invisible.
   Stlth:     It makes you more stealthy.
 i - an amulet of regeneration (around neck)
 o - an amulet of magic regeneration
 r - a +4 ring of protection
 x - a ring of flight
 F - a +4 ring of protection (left branch)
 I - a +4 ring of slaying (right branch)
Wands
 a - a wand of acid (3)
 k - a wand of iceblast (19)
 E - a wand of flame (20)
Scrolls
 m - 2 scrolls of teleportation
 n - a scroll of amnesia
 q - 2 scrolls of enchant armour
 u - 6 scrolls of enchant weapon
 v - 2 scrolls of vulnerability
 y - a scroll of holy word
 G - a scroll of torment
 H - a scroll of magic mapping
 K - a scroll of fog {unknown}
 L - a scroll of silence {unknown}
Potions
 f - a potion of resistance
 j - a potion of magic
 l - 2 potions of brilliance
 s - a potion of berserk rage
 w - 2 potions of invisibility
 z - 2 potions of curing
 A - 3 potions of mutation
 B - a potion of lignification
 C - 3 potions of attraction
 J - a potion of cancellation {unknown}


   Skills:
 * Level 5.1 Fighting
 + Level 1.6 Short Blades
 + Level 3.0 Throwing
 * Level 5.3 Dodging
 + Level 3.2 Stealth
 * Level 9.7 Unarmed Combat
 * Level 3.7 Spellcasting
 * Level 2.9 Conjurations
 * Level 2.8 Necromancy
 + Level 3.1 Fire Magic
 * Level 0.1 Air Magic
 * Level 4.4 Invocations
 * Level 2.7 Evocations


You couldn't memorise any spells.
You knew the following spells:

 Your Spells              Type           Power      Damage    Failure   Level
a - Vampiric Draining     Necr           19%        2d7       9%          3
b - Chain Lightning       Conj/Air       6%         3d8       100%        9
x - Flame Wave            Conj/Fire      19%        2d6       26%         4
z - Foxfire               Conj/Fire      76%        2x1d7     2%          1

Your spell library contained the following spells:

 Spells                   Type           Power      Damage    Failure   Level
 Animate Skeleton         Necr           38%        N/A       2%          1
 Pain                     Necr           76%        1d7       2%          1
 Corpse Rot               Necr/Air       24%        N/A       8%          2
 Conjure Flame            Conj/Fire      19%        6-21      9%          3
 Ensorcelled Hibernation  Hex/Ice        8%         N/A       14%         2
 Poisonous Vapours        Pois/Air       10%        N/A       14%         2
 Inner Flame              Hex/Fire       12%        N/A       14%         3
 Call Canine Familiar     Summ           4%         N/A       28%         3
 Portal Projectile        Hex/Tloc       8%         N/A       28%         3
 Spider Form              Tmut/Pois      4%         N/A       28%         3
 Tukima's Dance           Hex            4%         N/A       28%         3
 Anguish                  Hex/Necr       5%         N/A       45%         4
 Leda's Liquefaction      Hex/Erth       2%         N/A       67%         4
 Enfeeble                 Hex            2%         N/A       100%        7
 Fire Storm               Conj/Fire      9%         8d3       100%        9
 Shatter                  Erth           2%         3d6*      100%        9


Dungeon Overview and Level Annotations

Branches:
Dungeon (11/15)            Temple (1/1) D:7            Lair (1/6) D:8
  Sewer (visited)          Bailey (visited)
    Orc: D:9-12

Altars:
Ashenzari
Cheibriados
Dithmenos
Elyvilon
Fedhas
Gozag
Hepliaklqana
Kikubaaqudgha
Makhleb
Nemelex Xobeh
Okawaru
Qazlal
Ru
Sif Muna
Uskayaw
Vehumet
Wu Jian
Xom
Yredelemnul
Zin
The Shining One
Ignis


Innate Abilities, Weirdness & Mutations

You are a tree.
Your roots penetrate the ground, keeping you stationary.
You cannot be teleported.
You are immune to unholy pain and torment.
Your maximum health is greatly increased.
Your equipment is partially melded.
You are too large for most types of armour.
((You have claws for hands.))
Your natural rate of healing is unusually fast.
((You are covered in fur. (AC +1)))
((You have tough skin. (AC +1)))


Message History

* * * LOW HITPOINT WARNING * * *
The 11-headed hydra bites you!
* * * LOW HITPOINT WARNING * * *
The 11-headed hydra bites you.
* * * LOW HITPOINT WARNING * * *
The 11-headed hydra closely misses you. The 11-headed hydra barely misses you.
Unknown command.
Unknown command.
Unknown command.
Unknown command.
Unknown command.
Unknown command.
As you read the scroll of fear, it crumbles to dust.
You assume a fearsome visage.
The 11-headed hydra looks frightened!
The vampire mosquito is unaffected.
Cornered, the 11-headed hydra turns to fight!
Unknown command.
Unknown command.
Unknown command.
Really quaff the potion of lignification?
You turn into a tree.
Your +1 cloak melds into your body.
Your +2 robe of willpower melds into your body.
You feel less strong-willed.
Your roots penetrate the ground.
The 11-headed hydra bites you but does no damage.
The 11-headed hydra bites you!
* * * LOW HITPOINT WARNING * * *
The 11-headed hydra bites you but does no damage. x5
The 11-headed hydra bites you.
* * * LOW HITPOINT WARNING * * *
The 11-headed hydra bites you but does no damage. x3
Unknown command.
Unknown command.
Unknown command.
Unknown command.
Unknown command.
It was a potion of resistance.
You feel protected.
The 11-headed hydra bites you but does no damage. x5
The 11-headed hydra bites you.
You die...

#.########## #.........!#
#.########.# #.# #.# #########
#.# #.# ........# #.# #.#
.)......# #.########.# #
........######.##.......# #.##
........##.yD♣.##.......#.#...
........##.######.......#.....
[...............#.......######
.............D..+.............
####...#.#....#y#.......#.#.##
#...#.#....#.#######.#.....
#...#.#.####y# #.###.##
#≈≈##.#......# #....... ...
....y.D..yy ######.##


You could see a 11-headed hydra and a vampire mosquito.

Vanquished Creatures
  3 two-headed ogres
  Nergalle (Lair:1)
  Pikel (D:6)
  A gargoyle (Bailey)
  An unseen horror (D:10)
  A troll (D:8)
  A slime creature (D:7)
  A wraith (D:8)
  A vampire (Bailey)
  6 yaks
  2 wargs (D:8)
  Edmund (D:4)
  2 acid dragons
  6 sky beasts
  2 black bears
  5 orc warriors
  An ice beast (D:7)
  A centaur (D:10)
  4 kobold brigands
  A phantom (D:7)
  3 bullfrogs
  2 necrophages
  3 scorpions
  A gnoll sergeant (D:6)
  3 wights (D:10)
  16 killer bees
  7 vampire bats (Bailey)
  3 howler monkeys
  8 wolf zombies (Bailey)
  10 jellies (D:7)
  6 orc priests
  3 hounds
  2 iguanas
  5 orc wizards
  13 adders
  5 gnolls (D:6)
  3 river rats (Sewer)
  A shadow imp (D:5)
  A white imp (D:7)
  4 worms
  7 dart slugs
  22 orcs
  23 endoplasms
  4 giant cockroaches
  15 goblins
  6 hobgoblins
  32 kobolds
  4 quokkas
  10 ball pythons
  5 bats
  6 frilled lizards
  19 orc zombies (Bailey)
  4 rats
  A spectral hobgoblin (D:1)
299 creatures vanquished.

Vanquished Creatures (others)
  210 foxfires
  4 fungi
  3 plants (Lair:1)
217 creatures vanquished.

Grand Total: 516 creatures vanquished

Notes
Turn   | Place    | Note
-------+----------+-------------------------------------------
     0 | D:1      | Morbidden the Troll Brigand began the quest for the Orb.
     0 | D:1      | Reached XP level 1. HP: 19/19 MP: 0/0
    14 | D:1      | Reached skill level 1 in Dodging
    38 | D:1      | Reached XP level 2. HP: 22/28 MP: 1/1
   440 | D:1      | Found a faded altar of an unknown god.
   499 | D:1      | Reached skill level 1 in Unarmed Combat
   501 | D:1      | Reached XP level 3. HP: 34/34 MP: 2/2
  1324 | D:2      | Found a broken altar of Ashenzari.
  1367 | D:2      | Reached XP level 4. HP: 42/42 MP: 3/3
  1446 | D:2      | Reached skill level 2 in Unarmed Combat
  1631 | D:3      | Found a glowing silver altar of Zin.
  1708 | D:3      | Found a snail-covered altar of Cheibriados.
  1718 | D:3      | Became a worshipper of Cheibriados the Contemplative
  1721 | D:3      | Learned a level 1 spell: Foxfire
  1888 | D:3      | Found a radiant altar of Vehumet.
  2063 | D:4      | Noticed a black bear
  2071 | D:4      | Killed a black bear
  2072 | D:4      | Reached XP level 5. HP: 37/49 MP: 3/5
  2111 | D:4      | Found a glowing drain.
  2143 | Sewer    | Entered a sewer
  2146 | Sewer    | Reached * piety under Cheibriados
  2162 | Sewer    | Learned a level 4 spell: Flame Wave
  2188 | Sewer    | Reached skill level 1 in Spellcasting
  2233 | Sewer    | Reached skill level 3 in Unarmed Combat
  2233 | Sewer    | Reached skill level 1 in Conjurations
  2233 | Sewer    | Reached XP level 6. HP: 45/57 MP: 6/6
  2826 | D:4      | Reached ** piety under Cheibriados
  2852 | D:4      | Reached skill level 1 in Fire Magic
  2946 | D:4      | Noticed Edmund
  2961 | D:4      | Killed Edmund
  2962 | D:4      | Reached skill level 1 in Invocations
  2962 | D:4      | Reached XP level 7. HP: 66/66 MP: 8/8
  3211 | D:5      | Entered Level 5 of the Dungeon
  3421 | D:5      | Noticed a vampire
  3756 | D:5      | Found a shadowy altar of Dithmenos.
  4046 | D:5      | Reached skill level 4 in Unarmed Combat
  4142 | D:6      | Reached XP level 8. HP: 64/74 MP: 10/10
  4191 | D:6      | Noticed Pikel
  4203 | D:6      | Killed Pikel
  4204 | D:6      | Reached skill level 5 in Unarmed Combat
  4261 | D:6      | Reached *** piety under Cheibriados
  4923 | D:5      | Found a stormy altar of Qazlal.
  5077 | D:7      | Found a shimmering altar of Xom.
  5086 | D:7      | Reached XP level 9. HP: 83/83 MP: 12/12
  5086 | D:7      | Found a glowing golden altar of the Shining One.
  5241 | D:7      | Reached skill level 1 in Evocations
  5395 | D:7      | Found a staircase to the Ecumenical Temple.
  5406 | Temple   | Entered the Ecumenical Temple
  5515 | D:7      | Reached **** piety under Cheibriados
  5525 | D:7      | Reached skill level 6 in Unarmed Combat
  5961 | D:7      | Identified a scroll of acquirement
  5962 | D:7      | Acquired the ring "Zipnemp" {rPois rC- EV+4 SInv Stlth+}
  6425 | D:8      | Noticed a troll
  6437 | D:8      | Killed a troll
  6480 | D:8      | Reached skill level 7 in Unarmed Combat
  6544 | D:8      | Learned a level 3 spell: Vampiric Draining
  6815 | D:8      | Reached XP level 10. HP: 76/92 MP: 13/13
  6826 | D:8      | Found a staircase to the Lair.
  6834 | D:8      | Reached ***** piety under Cheibriados
  6838 | D:8      | Reached skill level 1 in Necromancy
  7233 | D:9      | Reached skill level 8 in Unarmed Combat
  7274 | D:9      | Found a burning altar of Makhleb.
  7350 | D:9      | Found a flagged portal.
  7353 | D:9      | Noticed a two-headed ogre
  7364 | D:9      | Killed a two-headed ogre
  7389 | Bailey   | Entered a bailey
  7587 | Bailey   | Noticed a gargoyle
  7592 | Bailey   | Killed a gargoyle
  7838 | D:9      | Reached skill level 9 in Unarmed Combat
  7900 | D:9      | Noticed a two-headed ogre
  7909 | D:9      | Killed a two-headed ogre
  7910 | D:9      | Reached skill level 5 in Dodging
  8556 | Lair:1   | Entered Level 1 of the Lair of Beasts
  8557 | Lair:1   | Noticed Nergalle
  8568 | Lair:1   | Killed Nergalle
  8569 | Lair:1   | Reached XP level 11. HP: 101/101 MP: 15/15
  8650 | Lair:1   | Reached ****** piety under Cheibriados
  8781 | D:10     | Entered Level 10 of the Dungeon
  8782 | D:10     | Noticed a two-headed ogre
  8792 | D:10     | Killed a two-headed ogre
  8793 | D:10     | Reached skill level 5 in Fighting
  8865 | D:10     | Found an iron altar of Okawaru.
  9526 | D:10     | Learned a level 9 spell: Chain Lightning
  9983 | D:11     | Noticed a two-headed ogre
 10088 | D:11     | Noticed an eight-headed hydra
 10110 | D:11     | HP: 5/102 [11-headed hydra (4)]
 10112 | D:11     | HP: 2/153 [11-headed hydra (3)]
 10113 | D:11     | Slain by an 11-headed hydra

Illustrated notes

Levels and vault maps discovered:
D:1:      ebering_trefoil_twist, layout_basic,
          dreamdust_ecumenical_altar_drowned_temple, minmay_split_cup_large
D:2:      layout_loops_cross, basic_altar
D:3:      layout_rooms, mainiacjoe_overflow_alcove_1, mainiacjoe_overflow_paths,
          kennysheep_slug_shrine
D:4:      layout_basic, cheibrodos_sewer_entry_drain, uniq_edmund
D:5:      layout_loops_corners, mainiacjoe_overflow_alcove_2, kennysheep_mini,
          grunt_dithmenos_shadows
D:6:      layout_loops_ring, uniq_pikel
D:7:      lemuel_slime, layout_basic, nicolae_overflow_squiral,
          minmay_temple_entry_sparse_star, corexii_mini_fake_secret_closet
D:8:      layout_basic, erik_lair_orcish_takeover
D:9:      layout_loops_ring, amcnicky_altar_gilded, enter_bailey_5
D:10:     layout_grid_maze, okawaru_gym_becter
D:11:     layout_basic, serial_curves, eino_curves_01, eino_curves_02,
          dk_noncrumbling_3
Temple:   pdpol_scorched_temple
Lair:1:   layout_roguey, gammafunk_lair_bear_cave, lemuel_fruit_fields,
          uniq_nergalle

Skill      XL: |  1  2  3  4  5  6  7  8  9 10 11 |
---------------+----------------------------------+-----
Dodging        | 1 2 3 5 |  5.3
Unarmed Combat | 1 2 3 4 5 7 9 |  9.7
Fighting       | 2 3 4 5 |  5.1
Spellcasting   | 1 2 3 |  3.7
Throwing       | 2 3 |  3.0
Conjurations   | 1 2 |  2.9
Fire Magic     | 1 2 3 |  3.1
Invocations    | 1 2 3 4 |  4.4
Evocations     | 1 2 |  2.7
Stealth        | 3 |  3.2
Necromancy     | 2 |  2.8
Short Blades   | |  1.6
Air Magic      | |  0.1

Action                   |  1- 3 |  4- 6 |  7- 9 | 10-12 || total
-------------------------+-------+-------+-------+-------++-------
Melee: Unarmed           |   122 |    74 |   278 |   301 ||   775
       Dagger            |     4 |       |       |       ||     4
       Punch             |     1 |     3 |     9 |    15 ||    28
Throw: Stone             |     3 |    10 |       |       ||    13
       Dart              |     2 |    20 |    18 |     9 ||    49
       Boomerang         |       |       |     9 |    27 ||    36
 Cast: Foxfire           |       |    83 |    43 |       ||   126
       Vampiric Draining |       |       |       |    11 ||    11
Invok: Slouch            |       |       |       |     1 ||     1
Evoke: Wand              |       |       |       |     2 ||     2
  Use: Scroll            |       |     3 |    12 |    12 ||    27
       Potion            |       |       |     1 |     2 ||     3
 Stab: Sleeping          |     5 |     1 |     5 |     5 ||    16
Armor: Robe              |    53 |    30 |   138 |   183 ||   404
       Skin              |       |       |       |    14 ||    14
Dodge: Dodged            |    53 |    20 |   129 |   342 ||   544

Table legend: (Time is in decaauts)
 A = Elapsed time spent in this place.
 B = Non-inter-level travel time spent in this place.
 C = Inter-level travel time spent in this place.
 D = Time resting spent in this place.
 E = Time spent auto-exploring this place.
 F = Levels seen in this place.
 G = Mean time per level.
                   A        B        C        D        E       F      G
               +--------+--------+--------+--------+--------+-----+--------+
         Total |  14647 |  13863 |    784 |    465 |  10644 |  15 |  976.5 |
       Dungeon |  13294 |  12589 |    705 |    465 |   9908 |  11 | 1208.5 |
        Temple |     93 |     93 |      0 |      0 |     53 |   1 |   93.0 |
          Lair |    239 |    161 |     78 |      0 |    109 |   1 |  239.0 |
         Sewer |    476 |    476 |      0 |      0 |    313 |   1 |  476.0 |
        Bailey |    543 |    543 |      0 |      0 |    259 |   1 |  543.0 |
               +--------+--------+--------+--------+--------+-----+--------+

Top non-repeatable levels by time:
    D:10: 2222 daAuts
     D:7: 1905 daAuts
     D:9: 1829 daAuts
     D:8: 1443 daAuts
     D:5: 1273 daAuts
     D:6: 1183 daAuts
     D:4: 1120 daAuts
     D:1: 1045 daAuts
     D:2: 591 daAuts
  Bailey: 543 daAuts
     D:3: 508 daAuts
   Sewer: 476 daAuts
  Lair:1: 239 daAuts
    D:11: 171 daAuts
  Temple: 93 daAuts
